 Dungeon Crawl Stone Soup version 0.29.1-12-g30fa7ad0bf (webtiles) character file.

Game seed: 5279990617702283008

111326 nightchill the Warrior (level 16, -2/159 HPs)
             Began as a Hill Orc Fighter on Jan 1, 2023.
             Was the Champion of Fedhas.
             Killed from afar by a deep elf zephyrmancer (21 damage)
             ... with a bolt of lightning
             ... on level 2 of the Elven Halls.
             The game lasted 01:47:47 (33189 turns).

nightchill the Warrior (Hill Orc Fighter)          Turns: 33189, Time: 01:47:48

Health: -2/159     AC: 29    Str: 27    XL:     16   Next: 57%
Magic:  28/28      EV:  7    Int: 12    God:    Fedhas [******]
Gold:   1947       SH: 14    Dex: 17    Spells: 15/15 levels left

rFire   + + +      SeeInvis +   K - +8 hand axe of Qazlal's Scorn {venom, Fragile rN+ Dex+4 SInv}
rCold   + + +      Faith    +   c - +0 kite shield
rNeg    + + +      Spirit   .   i - +0 crystal plate armour {rC+}
rPois   +          Reflect  .   C - +0 hat of Gozag, Breathing {rPois rC+ rN+ Regen+}
rElec   .          Harm     .   W - scarf {rC+ rF+}
rCorr   .          Rampage  .   G - +2 pair of gloves
Will    ++...                   O - +1 pair of boots {Fly}
Stlth   ..........              T - amulet "Estriadi" {Faith rF+ rC+ Int+4}
HPRegen 1.16/turn               Z - ring of willpower
MPRegen 0.21/turn               V - ring "Fotat" {rF+ rN+ Dex+3}

@: flying, studying Armour
A: no striking features
a: Renounce Religion, Wall of Briars, Grow Ballistomycete, Overgrow, Grow Oklob


You were on level 2 of the Elven Halls.
You worshipped Fedhas.
Fedhas was exalted by your worship.
You visited 4 branches of the dungeon, and saw 24 of its levels.
You also visited: Ossuary, Bailey and Ice Cave.

You collected 3471 gold pieces.
You spent 1524 gold pieces at shops.

Inventory:

Hand Weapons
 a - a +3 war axe
 K - the +8 hand axe of Qazlal's Scorn (weapon) {venom, Fragile rN+ Dex+4 SInv}
   (You found it on level 7 of the Dungeon)

   It poisons the flesh of those it strikes.
   Dex:       It affects your dexterity (+4).
   rN:        It protects you from negative energy.
   SInv:      It lets you see invisible.
   Fragile:   It will be destroyed if unequipped.
 Y - a +1 vorpal morningstar
Missiles
 m - 4 curare-tipped darts
 o - 64 poisoned darts (quivered)
 S - 4 throwing nets
Armour
 c - a +0 kite shield (worn)
 i - a +0 crystal plate armour of cold resistance (worn)
 C - the +0 hat of Gozag, Breathing (worn) {rPois rC+ rN+ Regen+}
   (You bought it in a shop on level 2 of the Orcish Mines)

   rC:        It protects you from cold.
   rPois:     It protects you from poison.
   rN:        It protects you from negative energy.
   Regen:     It increases your rate of health regeneration.
 G - a +2 pair of gloves (worn)
 O - a +1 pair of boots of flying (worn)
 W - a scarf of resistance (worn)
Jewellery
 n - a +4 ring of protection
 M - a ring of ice
 N - a ring of flight
 T - the amulet "Estriadi" (around neck) {Faith rF+ rC+ Int+4}
   (You took it off a deep elf zephyrmancer on level 8 of the Dungeon)

   [amulet of faith]

   It allows you to gain divine favour quickly.
   Int:       It affects your intelligence (+4).
   rF:        It protects you from fire.
   rC:        It protects you from cold.
 U - the ring "Teoxta" {EV+4 Int+4 SInv}
   (You found it on level 8 of the Dungeon)

   [ring of evasion]

   EV:        It affects your evasion (+4).
   Int:       It affects your intelligence (+4).
   SInv:      It lets you see invisible.
 V - the ring "Fotat" (right hand) {rF+ rN+ Dex+3}
   (You found it on level 8 of the Dungeon)

   [ring of protection from fire]

   Dex:       It affects your dexterity (+3).
   rF:        It protects you from fire.
   rN:        It protects you from negative energy.
 X - a ring of fire
 Z - a ring of willpower (left hand)
Wands
 p - a wand of paralysis (21)
 y - a wand of polymorph (4)
 L - a wand of flame (19)
 R - a wand of iceblast (38)
Scrolls
 e - 7 scrolls of teleportation
 g - 3 scrolls of enchant weapon
 j - 4 scrolls of blinking
 l - 4 scrolls of torment
 q - 2 scrolls of fog
 r - 4 scrolls of immolation
 s - 4 scrolls of poison
 u - 2 scrolls of enchant armour
 v - 3 scrolls of silence
 x - a scroll of brand weapon
 B - 6 scrolls of fear
 D - a scroll of amnesia
 F - a scroll of summoning
 I - 2 scrolls of noise
 J - 2 scrolls of vulnerability
Potions
 b - 2 potions of attraction
 d - 4 potions of might
 f - 8 potions of mutation
 h - 5 potions of resistance
 k - 10 potions of curing
 t - 5 potions of heal wounds
 w - 8 potions of haste
 z - 3 potions of cancellation
 A - 4 potions of lignification
 E - 3 potions of brilliance
 H - a potion of magic
Miscellaneous
 P - a box of beasts
 Q - a tin of tremorstones (2/2)


   Skills:
 + Level 18.9 Fighting
 - Level 16.0 Axes
 - Level 15.0 Armour
 + Level 3.8 Dodging
 * Level 14.7 Shields
 + Level 16.1 Invocations
 - Level 0.1 Evocations


You had 15 spell levels left.
You didn't know any spells.
Your spell library contained the following spells:

 Spells                   Type           Power      Damage    Failure   Level
 Apportation              Tloc           0%         N/A       100%        1
 Sublimation of Blood     Necr           0%         N/A       100%        2
 Dazzling Flash           Conj/Hex       0%         N/A       100%        3
 Tukima's Dance           Hex            0%         N/A       100%        3
 Hailstorm                Conj/Ice       0%         3d3       100%        4
 Ice Form                 Ice/Tmut       0%         N/A       100%        4
 Iskenderun's Mystic Bla  Conj/Tloc      0%         2d3       100%        4
 Leda's Liquefaction      Hex/Erth       0%         N/A       100%        4
 Passage of Golubria      Tloc           0%         N/A       100%        4
 Petrify                  Tmut/Erth      0%         N/A       100%        4
 Alistair's Intoxication  Tmut/Pois      0%         N/A       100%        5
 Borgnjor's Vile Clutch   Necr/Erth      0%         N/A       100%        5
 Irradiate                Conj/Tmut      0%         3d11      100%        5
 Lee's Rapid Deconstruct  Erth           0%         3d5*      100%        5
 Silence                  Hex/Air        0%         N/A       100%        5
 Yara's Violent Unravell  Hex/Tmut       0%         3d3       100%        5
 Eringya's Noxious Bog    Tmut/Pois      0%         N/A       100%        6
 Simulacrum               Ice/Necr       0%         N/A       100%        6
 Starburst                Conj/Fire      0%         6d3       100%        6
 Statue Form              Tmut/Erth      0%         N/A       100%        6
 Lehudib's Crystal Spear  Conj/Erth      0%         10d2      100%        8


Dungeon Overview and Level Annotations

Branches:
Dungeon (15/15)            Temple (0/1) D:5            Lair (5/5) D:8
 Shoals (0/4) Lair:3       Spider (0/4) Lair:2        Slime (0/5) Lair:4
    Orc (2/2) D:10            Elf (2/3) Orc:2        Vaults (0/5) D:14
 Depths (0/4) D:15        Ossuary (visited)          Bailey (visited)
  IceCv (visited)

Altars:
Elyvilon
Fedhas
Kikubaaqudgha
Ru
Sif Muna
Wu Jian
Xom
The Shining One
Beogh
Jiyva

Shops:
D:4 ?   D:12 ?=[   D:13 =   Orc:2 [(![   Elf:1 (*[*

Portals:
Trove: D:14 (give 6 scrolls of fog)

Annotations:
Lair:5 2 runed translucent doors, exclusion: 2 doors
Elf:1 exclusion: downstairs
Elf:2 3 runed translucent doors


Message History

The explosion of spores engulfs the deep elf archer!!!
The deep elf archer is severely wounded.
You hear a shout!
A ballistomycete spore comes into view.
You closely miss the deep elf zephyrmancer.
The deep elf zephyrmancer is almost dead.
You hit the deep elf pyromancer.
The deep elf pyromancer hits you but does no damage.
The deep elf zephyrmancer hits you but does no damage.
A deep elf zephyrmancer comes into view.
It is wielding a +0 rapier.
You hit the deep elf zephyrmancer.
The deep elf zephyrmancer looks as sick as possible!
The deep elf zephyrmancer is almost dead.
You closely miss the deep elf pyromancer.
You kill the deep elf zephyrmancer!
Fedhas appreciates your contribution to the ecosystem.
You block the deep elf pyromancer's attack.
A bolt of lightning appears from out of your range of vision.
The bolt of lightning hits your ballistomycete!!
The deep elf archer seems less confused.
Your ballistomycete spore explodes!
The deep elf pyromancer appears confused.
The explosion of spores engulfs the deep elf pyromancer!!!
You kill the deep elf pyromancer!
Fedhas appreciates your contribution to the ecosystem.
The explosion of spores engulfs you but does no damage.
A deep elf zephyrmancer comes into view.
It is wielding a +0 long sword.
The deep elf archer shoots an arrow.
The arrow hits you!
You hear a shout! x2
There are monsters nearby!
The deep elf archer shoots an arrow.
The arrow hits you but does no damage.
The deep elf zephyrmancer casts a spell at you.
The bolt of lightning hits you!! x2
* * * LOW HITPOINT WARNING * * *
The deep elf zephyrmancer casts a spell at you.
The bolt of lightning hits you!!
* * * LOW HITPOINT WARNING * * *
The bolt of lightning hits you!!
You die...
Fedhas appreciates your contribution to the ecosystem.

#...
#.#.########
#..........
.#....e....
.'.#..e...##
#.....*)P.##
#........).#
#..)..)..))#
###.....e..)@#
#......).).)##
##.#...>....##
......$...###
..#.......#
#.####.#### #.
# #. # #. #


You could see a deep elf archer (repels missiles, ally target), 2 deep elf
zephyrmancers, a friendly ballistomycete (summoned) and a friendly
ballistomycete spore.

Vanquished Creatures
  Frances (D:12)
  2 deep elf sorcerers
  An orc warlord (Orc:2)
  A quicksilver ooze (Lair:5)
  Nessos (D:12)
  A deep elf demonologist (Elf:1)
  Azrael (D:12)
  Josephine (D:12)
  Erolcha (D:9)
  A vault guard (D:14)
  14 hydras
  Fannar (D:12)
  Erica (D:8)
  4 boulder beetles
  3 ice dragons
  7 two-headed ogres
  3 centaur warriors
  4 dancing weapons
  A tengu warrior (D:15)
  3 orc high priests (Orc:2)
  A deep elf knight (Elf:1)
  4 deep elf archers
  3 wizards
  A deep troll (D:14)
  A lindwurm (Lair:5)
  An orb spider (Lair:2)
  5 orc knights
  11 deep elf pyromancers
  6 orc sorcerers
  7 ugly things
  10 deep elf zephyrmancers
  9 slime creatures
  4 elephants
  7 cyclopes
  6 black mambas
  A manticore (D:15)
  A merfolk siren (Lair:3)
  Maurice (D:8)
  2 ice statues (IceCv)
  2 molten gargoyles (Lair:5)
  A water nymph (shapeshifter) (Elf:1)
  2 rime drakes
  10 cane toads
  5 kobold demonologists
  3 unseen horrors
  2 anaconda simulacra (IceCv)
  5 ice devils (IceCv)
  17 komodo dragons
  2 tengu conjurers (D:14)
  5 trolls
  A polar bear (Lair:2)
  2 blink frogs (shapeshifter)
  A merfolk (Lair:3)
  2 hornets
  3 blink frogs (Lair:5)
  30 yaks
  4 dire elephant simulacra (IceCv)
  A vampire (D:14)
  2 water elementals (Elf:1)
  5 wyverns
  7 wraiths
  7 basilisks
  A death yak simulacrum (IceCv)
  3 fire elementals (D:12)
  3 steam dragons
  13 vampire mosquitoes
  3 harpy simulacra (IceCv)
  2 wargs (Orc:2)
  An acid dragon (D:10)
  12 water moccasins
  A hydra simulacrum (IceCv)
  7 hell hounds
  A swamp drake (D:10)
  49 orc warriors
  9 ogres
  2 black bears
  16 wolves
  A boggart (Elf:1)
  9 centaurs
  2 phantoms
  5 kobold brigands
  An elf zombie (Ossuary)
  6 bullfrogs
  3 gnoll sergeants
  A necrophage (D:5)
  A scorpion (Lair:1)
  2 cane toad simulacra (IceCv)
  17 wights
  16 killer bees
  10 howler monkeys
  5 lava snakes (Lair:5)
  4 centaur zombies (Ossuary)
  A human zombie (Ossuary)
  3 hounds
  7 jellies
  29 orc priests
  3 gnoll boudas
  3 iguanas (D:5)
  20 orc wizards
  A troll simulacrum (IceCv)
  A wolf simulacrum (IceCv)
  2 human simulacra (D:10)
  2 mummies (Ossuary)
  24 gnolls
  12 adders
  2 river rats (D:3)
  5 white imps
  An ufetubus (IceCv)
  An adder zombie (Ossuary)
  3 worms (D:3)
  2 dart slugs
  100 orcs
  5 ball pythons
  9 endoplasms
  5 giant cockroaches
  17 goblins
  6 hobgoblins
  2 jackals (D:3)
  4 quokkas
  6 bats
  A frilled lizard (D:3)
  A goblin zombie (Ossuary)
  6 hobgoblin zombies (Ossuary)
  2 jackal zombies (Ossuary)
  24 kobolds
  14 kobold zombies (Ossuary)
  7 orc zombies (Ossuary)
  8 rats
  4 ballistomycete spores
801 creatures vanquished.

Vanquished Creatures (collateral kills)
  A reaper (IceCv)
  An orc high priest (Orc:2)
  A deep elf pyromancer (D:8)
  A deep elf zephyrmancer (D:8)
  An orc sorcerer (D:8)
  A black mamba (Lair:5)
  2 elephants (Lair:5)
  A molten gargoyle (Lair:5)
  A komodo dragon (Lair:1)
  A wyvern (D:8)
  9 orc warriors (Orc:2)
  A bullfrog (Lair:2)
  5 orc priests (Orc:2)
  8 orcs (Orc:2)
  127 ballistomycete spores
161 creatures vanquished.

Vanquished Creatures (others)
  A wyvern (Lair:5)
  10 ballistomycete spores
  18 fungi
  17 plants
46 creatures vanquished.

Grand Total: 1008 creatures vanquished

Notes
Turn   | Place    | Note
-------+----------+-------------------------------------------
     0 | D:1      | nightchill the Hill Orc Fighter began the quest for the
                  | Orb.
     0 | D:1      | Reached XP level 1. HP: 19/19 MP: 1/1
   121 | D:1      | Reached XP level 2. HP: 27/27 MP: 2/2
   367 | D:1      | Reached skill level 4 in Fighting
   430 | D:1      | Found a faded altar of an unknown god.
   661 | D:1      | Reached XP level 3. HP: 33/33 MP: 3/3
  1000 | D:1      | Prayed at the altar of an unknown god.
  1000 | D:1      | Became a worshipper of Fedhas Madash
  1000 | D:1      | Reached * piety under Fedhas
  1221 | D:2      | Found a glowing golden altar of the Shining One.
  1233 | D:2      | Reached skill level 1 in Invocations
  1285 | D:2      | Reached XP level 4. HP: 41/41 MP: 4/4
  1667 | D:3      | Reached ** piety under Fedhas
  1802 | D:3      | Reached skill level 5 in Axes
  1929 | D:3      | Reached XP level 5. HP: 30/47 MP: 6/6
  1954 | D:3      | HP: 2/47 [worm (4)]
  2287 | D:3      | Found a shimmering blue altar of Sif Muna.
  2423 | D:3      | Found a shimmering altar of Xom.
  2424 | D:3      | Found an ancient bone altar of Kikubaaqudgha.
  2683 | D:4      | Found Bienik's Magic Scroll Boutique.
  2854 | D:4      | Found a sand-covered staircase.
  2859 | Ossuary  | Entered an ossuary
  2950 | Ossuary  | Reached skill level 5 in Fighting
  2965 | Ossuary  | Reached *** piety under Fedhas
  3032 | Ossuary  | Reached XP level 6. HP: 55/56 MP: 8/8
  3178 | Ossuary  | Reached XP level 7. HP: 54/62 MP: 9/9
  3424 | D:4      | Found a white marble altar of Elyvilon.
  3512 | D:5      | Entered Level 5 of the Dungeon
  3586 | D:4      | Reached skill level 6 in Fighting
  3618 | D:5      | Reached **** piety under Fedhas
  3749 | D:5      | Reached skill level 5 in Invocations
  3800 | D:5      | Found a staircase to the Ecumenical Temple.
  3835 | D:5      | Reached XP level 8. HP: 61/71 MP: 11/11
  4692 | D:6      | Reached skill level 7 in Fighting
  4795 | D:6      | Reached skill level 10 in Axes
  5420 | D:6      | Noticed a yak
  5420 | D:6      | Noticed a yak
  5421 | D:6      | Noticed a yak
  5445 | D:5      | Killed a yak
  5446 | D:5      | Reached XP level 9. HP: 80/80 MP: 12/14
  5505 | D:6      | Reached skill level 8 in Fighting
  5808 | D:7      | Found a flagged portal.
  5846 | D:7      | Noticed a hornet
  5856 | D:7      | Paralysed by a hornet for 2 turns
  5858 | D:7      | Killed a hornet
  5986 | D:7      | Identified the +8 hand axe of Qazlal's Scorn {venom,
                  | Fragile rN+ Dex+4 SInv}
  6089 | Bailey   | Entered a bailey
  6157 | Bailey   | Reached ***** piety under Fedhas
  6163 | Bailey   | Noticed an orc knight
  6344 | Bailey   | Killed an orc knight
  6373 | Bailey   | Reached skill level 9 in Fighting
  6382 | Bailey   | Identified the +1 chain mail of Gehenna {Harm *Slow Will+
                  | Str+5}
  6529 | Bailey   | Reached XP level 10. HP: 89/91 MP: 16/16
  7375 | D:8      | Noticed Erica
  7389 | D:8      | Killed Erica
  7390 | D:8      | Reached skill level 10 in Fighting
  7567 | D:8      | Noticed Maurice
  7583 | D:8      | Killed Maurice
  7587 | D:8      | Reached skill level 10 in Invocations
  7817 | D:8      | Noticed a deep elf pyromancer
  7818 | D:8      | Noticed an orc sorcerer
  7820 | D:8      | Identified the amulet "Estriadi" {Faith rF+ rC+ Int+4}
  7820 | D:8      | Noticed a deep elf zephyrmancer
  7830 | D:8      | Noticed a rust devil
  7833 | D:8      | Paralysed by an orc sorcerer for 5 turns
  7836 | D:8      | Killed a deep elf pyromancer
  7847 | D:8      | Killed a deep elf zephyrmancer
  7848 | D:8      | Reached skill level 15 in Axes
  7848 | D:8      | Reached XP level 11. HP: 85/101 MP: 10/18
  7849 | D:8      | Killed an orc sorcerer
  8089 | D:8      | Noticed an eight-headed hydra
  8100 | D:8      | Killed a nine-headed hydra
  8101 | D:8      | Reached skill level 11 in Fighting
  8308 | D:8      | Identified the ring "Teoxta" {EV+4 Int+4 SInv}
  8310 | D:8      | Identified the ring "Fotat" {rF+ rN+ Dex+3}
  8652 | D:8      | Found a staircase to the Lair.
  8913 | Lair:1   | Entered Level 1 of the Lair of Beasts
  8983 | Lair:1   | Noticed a six-headed hydra
  9007 | Lair:1   | Killed a seven-headed hydra
  9009 | Lair:1   | Noticed a five-headed hydra
  9020 | Lair:1   | Killed a five-headed hydra
  9021 | Lair:1   | Reached skill level 12 in Fighting
  9817 | Lair:1   | Reached XP level 12. HP: 102/113 MP: 21/21
 10301 | Lair:1   | Reached skill level 13 in Fighting
 10405 | Lair:2   | Noticed a six-headed hydra
 10439 | Lair:1   | Killed a six-headed hydra
 11392 | Lair:2   | Reached skill level 5 in Shields
 11395 | Lair:2   | Reached skill level 5 in Armour
 11538 | Lair:2   | Found a hole to the Spider Nest.
 11787 | Lair:2   | Noticed a five-headed hydra
 11800 | Lair:2   | Killed a five-headed hydra
 11827 | Lair:2   | Identified the +7 quarterstaff "Fanumeq" {freeze, rN+}
 13201 | Lair:3   | Found a staircase to the Shoals.
 13667 | Lair:4   | Noticed an eight-headed hydra
 13674 | Lair:4   | Killed an eight-headed hydra
 13675 | Lair:4   | Reached skill level 14 in Fighting
 13836 | Lair:4   | Found a viscous altar of Jiyva.
 13838 | Lair:4   | Found a staircase to the Slime Pits.
 13879 | Lair:4   | Reached XP level 13. HP: 124/124 MP: 23/23
 14689 | D:4      | Bought a scroll of acquirement for 520 gold pieces
 14689 | D:4      | Acquired 897 gold pieces
 15019 | Lair:5   | Entered Level 5 of the Lair of Beasts
 15019 | Lair:5   | Found a frozen archway.
 15360 | IceCv    | Entered an ice cave
 16517 | IceCv    | Reached skill level 15 in Invocations
 17214 | IceCv    | Noticed a reaper
 17226 | IceCv    | Killed a reaper
 18198 | Lair:5   | Reached skill level 15 in Fighting
 18732 | Lair:5   | Noticed a quicksilver ooze
 18748 | Lair:5   | Killed a quicksilver ooze
 19250 | Lair:5   | Reached XP level 14. HP: 72/135 MP: 10/25
 19533 | Lair:5   | Found a large runed translucent door.
 19712 | Lair:5   | Reached skill level 16 in Fighting
 19892 | Lair:5   | Found a large runed translucent door.
 20517 | D:4      | Bought a scroll of identify for 20 gold pieces
 20517 | D:4      | Bought a scroll of identify for 20 gold pieces
 20885 | D:9      | Reached skill level 10 in Shields
 20887 | D:9      | Reached skill level 10 in Armour
 20897 | D:9      | Noticed Erolcha
 20911 | D:9      | Killed Erolcha
 21646 | D:10     | Entered Level 10 of the Dungeon
 21911 | D:10     | Acquired a manual of Armour
 23090 | D:10     | Found a staircase to the Orcish Mines.
 23135 | Orc:1    | Entered Level 1 of the Orcish Mines
 23254 | Orc:2    | Entered Level 2 of the Orcish Mines
 23318 | Orc:2    | Reached ****** piety under Fedhas
 24619 | Orc:2    | Found a roughly hewn altar of Beogh.
 25157 | Orc:2    | Found Ydecsa's Armour Boutique.
 25347 | Orc:2    | Found Innizow's Weapon Shop.
 25367 | Orc:2    | Reached skill level 17 in Fighting
 26038 | Orc:2    | Noticed an orc warlord
 26050 | Orc:2    | Killed an orc warlord
 26051 | Orc:2    | Reached XP level 15. HP: 81/147 MP: 22/26
 26154 | Orc:2    | Found a roughly hewn altar of Beogh.
 26175 | Orc:2    | Found Meicwuti's Antique Armour Shop.
 26708 | Orc:2    | Found Wimm's Distillery.
 26977 | Orc:2    | Bought a potion of curing for 39 gold pieces
 26977 | Orc:2    | Bought a potion of curing for 39 gold pieces
 27092 | Orc:2    | Found a staircase to the Elven Halls.
 27330 | Orc:2    | Bought the +0 hat of Gozag, Breathing {rPois rC+ rN+
                  | Regen+} for 475 gold pieces
 28201 | D:12     | Found Fakaecy's Antique Armour Shop.
 28371 | Orc:2    | Bought a pair of heavily runed boots for 351 gold pieces
 28371 | Orc:2    | Identified the +1 pair of boots of Dol Fyll {rPois rN++}
                  | (You bought it in a shop on level 2 of the Orcish Mines)
 28537 | D:12     | Noticed Josephine
 28551 | D:12     | Killed Josephine
 28590 | D:12     | Found Ruronyur's Magic Scroll Boutique.
 28593 | D:12     | Noticed Fannar
 28603 | D:12     | Killed Fannar
 28627 | D:12     | Bought a scroll of identify for 30 gold pieces
 28627 | D:12     | Bought a scroll of identify for 30 gold pieces
 28957 | D:12     | Noticed Azrael
 28963 | D:12     | Killed Azrael
 28972 | D:12     | Noticed Nessos
 28983 | D:12     | Killed Nessos
 29045 | D:12     | Found Fite's Jewellery Shoppe.
 29058 | D:12     | Noticed Frances
 29077 | D:12     | Killed Frances
 29078 | D:12     | Reached skill level 18 in Fighting
 29803 | D:13     | Reached skill level 15 in Armour
 29994 | D:13     | Found Vatticsiyc's Jewellery Shoppe.
 30241 | D:14     | Found an ornate altar of the Wu Jian Council.
 30524 | D:14     | Reached skill level 1 in Dodging
 30571 | D:14     | Found a gate to the Vaults.
 30685 | D:14     | Found a portal to a secret trove of treasure.
 30809 | D:15     | Entered Level 15 of the Dungeon
 31185 | D:15     | Found a sacrificial altar of Ru.
 31210 | D:15     | Reached XP level 16. HP: 159/159 MP: 27/27
 31448 | D:15     | Found a staircase to the Depths.
 31698 | Elf:1    | Entered Level 1 of the Elven Halls
 31881 | Elf:1    | Found Emeesuoc's General Store.
 31881 | Elf:1    | Found Himutwod's Weapon Boutique.
 31883 | Elf:1    | Found Bijim's Antique Armour Shop.
 31884 | Elf:1    | Found Saehug's Assorted Antiques.
 32873 | Elf:2    | Found a runed translucent gate.
 32874 | Elf:2    | Found a runed translucent gate.
 32880 | Elf:2    | Found a runed translucent gate.
 33082 | Elf:1    | Noticed an azure jelly
 33082 | Elf:1    | an emperor scorpion changed into an azure jelly
 33094 | Elf:1    | an azure jelly changed into a minotaur
 33120 | Elf:1    | Paralysed by a floating eye for 4 turns
 33189 | Elf:2    | Killed from afar by a deep elf zephyrmancer

Illustrated notes

Levels and vault maps discovered:
D:1:      elethiomel_arrival_infinity_welcomes_careful_drivers,
          layout_loops_corners, shapermc_ecumenical_altar_mp_urbaneastern
D:2:      wander_river, layout_rooms, basic_altar
D:3:      layout_basic, nicolae_overflow_hidden_temple,
          lightli_sewer_entry_pipes
D:4:      layout_rooms, mainiacjoe_overflow_24_doors, enter_ossuary_5,
          serial_shops, nicolae_shop_behind_doors
D:5:      layout_loops_ring, minmay_temple_entry_from_below_a
D:6:      layout_loops_ring, kennysheep_minor_cross
D:7:      layout_cave_pools, enter_bailey_5
D:8:      layout_basic, david_lair_generic, minmay_the_grid_2x2
          [minmay_the_grid_spikes, minmay_the_grid_tri_star,
          minmay_the_grid_box_x, minmay_the_grid_prize_diamond_cup], uniq_erica,
          uniq_maurice
D:9:      layout_basic, uniq_erolcha
D:10:     layout_loops_ring, erik_orc_1, bh_circular_ruins
D:11:     layout_cross, nrook_uturn
D:12:     minmay_general_purpose_star, layout_irregular_city, serial_shops,
          shop, shop, nicolae_shop_overgrown_old_shop, uniq_fannar, uniq_nessos,
          uniq_azrael, uniq_frances, uniq_josephine
D:13:     layout_basic, serial_shops, kennysheep_mini_moat
D:14:     layout_roguey, david_vaults_4, enter_trove_5, serial_park_square2,
          nzn_wu_jian_contemplation
D:15:     grunt_enter_depths_hoard, layout_rooms, minivault_25,
          nicolae_ru_sacrificial_ziggurat
Lair:1:   layout_gridlike
Lair:2:   layout_cave_pods, nicolae_spider_entry_orb_guardian,
          grunt_megastairs_4, serial_bayou_shore_a, serial_bayou_shore_b,
          lemuel_fruit_tree
Lair:3:   layout_cave_pods, elwin_shoals_entry_rooms
Lair:4:   layout_cave_pods, minmay_slime_entry_oklob_enclosed,
          kennysheep_catoblepas_arena
Lair:5:   cheibrodos_lair_end_hotspot, layout_regular_city,
          portal_ice_cave_entry_pillars_1, nicolae_lair_time_for_slime,
          serial_bayou_shore_b
Orc:1:    layout_caves
Orc:2:    pubby_orc_utopia
Elf:1:    layout_loops_corners, hangedman_elf_disciples, minmay_shoptagon,
          lemuel_upstairs_altar
Elf:2:    elven_hall_of_blades_hangedman_original [mumra_blade_entry_bloodbath],
          layout_loops_ring, minmay_elf_annihilation

Skill      XL: |  1  2  3  4  5  6  7  8  9 10 11 12 13 14 15 16 |
---------------+-------------------------------------------------+-----
Axes           | 3 4 5 6 7 8 10 12 15 16 | 16.0
Fighting       | 4 5 6 7 9 10 12 14 15 17 18 | 18.9
Invocations    | 1 2 3 5 6 8 10 12 14 15 16 | 16.1
Shields        | 6 9 11 13 14 | 14.7
Armour         | 6 9 12 15 | 15.0
Dodging        | 1 3 |  3.8
Evocations     | |  0.1

Action                   |  1- 3 |  4- 6 |  7- 9 | 10-12 | 13-15 | 16-18 || total
-------------------------+-------+-------+-------+-------+-------+-------++-------
Melee: War axe           |    83 |   240 |   210 |       |       |       ||   533
       Hand axe          |       |       |    47 |   465 |  1513 |   255 ||  2280
Invok: Grow Ballistomyce |       |       |     1 |     9 |    17 |     7 ||    34
       Grow Oklob        |       |       |       |     1 |     2 |       ||     3
       Wall of Briars    |       |       |       |     7 |     5 |     1 ||    13
Evoke: Tin of tremorston |       |       |       |     2 |       |       ||     2
       Wand              |       |       |       |     1 |     1 |       ||     2
  Use: Scroll            |       |     7 |     2 |     4 |    18 |       ||    31
       Potion            |       |       |     1 |     2 |     5 |       ||     8
 Stab: Confused          |       |       |     1 |       |     1 |     4 ||     6
       Paralysed         |       |       |       |       |     4 |       ||     4
Armor: Scale mail        |    44 |   103 |    95 |       |       |       ||   242
       Plate armour      |       |       |     8 |   296 |    84 |       ||   388
       Crystal plate arm |       |       |       |       |   628 |   153 ||   781
       Skin              |       |       |       |       |    17 |       ||    17
Dodge: Dodged            |    39 |    94 |   121 |   127 |   227 |    41 ||   649
Block: Buckler           |    15 |    44 |    72 |   131 |   397 |       ||   659
       Kite shield       |       |       |       |       |    23 |   130 ||   153
